 Dungeon Crawl Stone Soup version 0.27.1-33-g824d729ab1 (webtiles) character file.

Game seed: 17522504725095245837

114 SensoryNuts the Insei (level 5, -2/38 HPs)
             Began as a Djinni Transmuter on Dec 7, 2021.
             Slain by a bullfrog zombie (4 damage)
             ... on level 5 of the Dungeon.
             The game lasted 00:03:15 (2606 turns).

SensoryNuts the Insei (Djinni Transmuter)           Turns: 2606, Time: 00:03:15

Health: -2/38      AC:  2    Str: 10    XL:     5   Next: 19%
Gold:   76         EV: 12    Int: 15    God:
                   SH:  0    Dex: 13

rFire    + + .     SeeInvis .     - Unarmed
rCold    x . .     Faith    .   (no shield)
rNeg     . . .     Spirit   .   a - +0 robe
rPois    ∞         Reflect  .   (no helmet)
rElec    .         Harm     .   (no cloak)
rCorr    .         Rampage  .   (no gloves)
Will     .....                  (boots unavailable)
Stlth    +.........             (no amulet)
HPRegen  0.12/turn              (no ring)
MPRegen  0.00/turn              (no ring)

@: attractive, flying
A: sickness immunity, fire resistance 2, cold vulnerability 1, float, innate
caster, hp casting, extra vitality 1
a: no special abilities


You were on level 5 of the Dungeon.
You visited 1 branch of the dungeon, and saw 4 of its levels.

You collected 76 gold pieces.

Inventory:

Armour
 a - a +0 robe (worn)
Scrolls
 b - a scroll of summoning {unknown}
 c - a scroll of amnesia {unknown}
 d - a scroll of fear {unknown}
 e - a scroll of enchant armour {unknown}
 g - a scroll of fog {unknown}


   Skills:
 + Level 1.7 Fighting
 + Level 2.6 Dodging
 + Level 0.7 Stealth
 + Level 4.2 Unarmed Combat
 + Level 2.4 Spellcasting


You couldn't memorise any spells.
You knew the following spells:

 Your Spells              Type           Power      Damage    Failure   Level
a - Beastly Appendage     Tmut           18%        N/A       8%          1
b - Wereblood             Tmut           9%         N/A       12%         2
c - Spider Form           Tmut/Pois      4%         N/A       24%         3
d - Ice Form              Ice/Tmut       9%         N/A       61%         4
e - Sting                 Tmut/Pois      36%        1d4       8%          1
f - Corpse Rot            Necr/Air       N/A        N/A       12%         2
Your spell library was empty.

Dungeon Overview and Level Annotations

Branches:
Dungeon (5/15)
 Temple: D:4-7

Altars:


Innate Abilities, Weirdness & Mutations

You are immune to sickness and miasma.
You are immune to poison.
Your flesh is very heat resistant. (rF++)
You are vulnerable to cold. (rC-)
You float through the air rather than walking.
You learn spells naturally, not from books.
Your magical power is your life essence.
You have superior vitality. (+4 HP)


Message History

The bullfrog zombie is heavily damaged.
The bullfrog zombie barely misses you.
You hit the bullfrog zombie.
The bullfrog zombie is severely damaged.
The bullfrog zombie closely misses you.
You barely miss the bullfrog zombie.
The bullfrog zombie is severely damaged.
The bullfrog zombie closely misses you.
You barely miss the bullfrog zombie.
The bullfrog zombie is severely damaged.
The bullfrog zombie misses you.
You barely miss the bullfrog zombie.
The bullfrog zombie is severely damaged.
The bullfrog zombie misses you. The bullfrog zombie hits you.
You completely miss the bullfrog zombie.
The bullfrog zombie is severely damaged.
The bullfrog zombie barely misses you.
You barely miss the bullfrog zombie.
The bullfrog zombie is severely damaged.
The bullfrog zombie hits you.
You barely miss the bullfrog zombie.
The bullfrog zombie is severely damaged.
The bullfrog zombie hits you.
* * * LOW HITPOINT WARNING * * *
You hit the bullfrog zombie.
The bullfrog zombie is severely damaged.
The bullfrog zombie hits you.
* * * LOW HITPOINT WARNING * * *
The bullfrog zombie hits you but does no damage.
You barely miss the bullfrog zombie.
The bullfrog zombie is severely damaged.
The bullfrog zombie barely misses you.
You closely miss the bullfrog zombie.
The bullfrog zombie is severely damaged.
The bullfrog zombie hits you.
* * * LOW HITPOINT WARNING * * *
It was a potion of attraction.
You feel attractive to monsters. The bullfrog zombie hits you.
You die...

##.# .... #.###..#
....#..#
##########.#.#..#
.........#.#.#..#
###....#.#.#.#..##
.<....Z#.#.#..<..#
####...@......#.##
>...............##
#........#.#.....#
#.########.##....#
. #.##.#.##
#.#.....#
#.#.##.## #... ..
###. ###


You could see a bullfrog zombie.

Vanquished Creatures
  A centaur skeleton (D:4)
  An orc wizard (D:4)
  3 adders
  A dart slug (D:1)
  3 orcs (D:4)
  3 ball pythons (D:1)
  2 endoplasms
  2 giant cockroaches (D:1)
  A goblin (D:1)
  2 hobgoblins
  7 kobolds
  A quokka (D:4)
  2 frilled lizards (D:1)
  A rat (D:1)
30 creatures vanquished.

Notes
Turn   | Place    | Note
-------+----------+-------------------------------------------
     0 | D:1      | SensoryNuts the Djinni Transmuter began the quest for the
                  | Orb.
     0 | D:1      | Reached XP level 1. HP: 17/17 MP: 0/0
   407 | D:1      | Reached XP level 2. HP: 19/22 MP: 0/0
  1411 | D:1      | Reached XP level 3. HP: 25/27 MP: 0/0
  1411 | D:1      | Learned a level 1 spell: Sting
  1731 | D:2      | You are sucked into a shaft and drop 2 floors!
  2015 | D:4      | Reached XP level 4. HP: 26/32 MP: 0/0
  2107 | D:4      | Reached skill level 4 in Unarmed Combat
  2468 | D:4      | Reached XP level 5. HP: 28/38 MP: 0/0
  2468 | D:4      | Learned a level 2 spell: Corpse Rot
  2504 | D:5      | Entered Level 5 of the Dungeon
  2606 | D:5      | Slain by a bullfrog zombie

Illustrated notes

Levels and vault maps discovered:
D:1:      dpeg_arrival_more_subterranean_lakeside_camping, layout_basic,
          nrook_mini_backslash, chequers_serial_rivers_micro_a,
          columned_hall_lemuel, amcnicky_mini_corridor_feature
D:2:      layout_loops_corners, basic_altar, corner_web_ring, uniq_natasha
D:4:      layout_rooms, general_overflow_altar
D:5:      layout_basic, mainiacjoe_overflow_24_doors, minmay_temple_entry_mist

Skill      XL: |  1  2  3  4 |
---------------+-------------+-----
Spellcasting   | 2 |  2.4
Unarmed Combat | 4 |  4.2
Fighting       | |  1.7
Dodging        | |  2.6
Stealth        | |  0.7

Action                   |  1- 3 |  4- 6 || total
-------------------------+-------+-------++-------
Melee: Unarmed           |    91 |    45 ||   136
       Headbutt          |    16 |     2 ||    18
       Punch             |     1 |       ||     1
 Cast: Beastly Appendage |    21 |     1 ||    22
       Spider Form       |       |     2 ||     2
  Use: Potion            |       |     1 ||     1
Armor: Robe              |    12 |     7 ||    19
Dodge: Dodged            |    37 |    43 ||    80
